Map: 2000 Atmospheres LE

Players

A.I. 1 (Harder)

  • Race: Zerg Zerg

Scales - Winner!

  • Race: Zerg Zerg
  • League: Diamond

VOD

Have the link to the VOD?

Description

uploaded for personal use to see whether i can convert it easier into a bo

Time

  • Played on: Feb. 10, 2022, 11:49 a.m.
  • Length: 8:27
Show
View Real Time Build Order
Export as new Build Order

A.I. 1 (Harder) Zerg 

Build Orders: 1 Base Baneling Bust, Pool First 

Get SALT Encoding   

  12  0:00  Drone  
  13  0:12  Overlord  
  13  0:16  Drone  
  14  0:30  Drone x2  
  16  0:42  Spawning Pool  
  15  0:44  Drone  
  15  0:49  Drone  
  17  0:52  Extractor  
  17  0:55  Drone  
  17  1:06  Overlord  
  17  1:29  Queen  
  17  1:31  Zergling x2  
  20  1:36  Roach Warren  
  20  1:38  Drone  
  20  1:40  Zergling x2  
  20  1:42  Extractor  
  20  1:49  Drone  
  21  2:00  Drone  
  22  2:10  Overlord  
  22  2:21  Drone  
  23  2:32  Roach  
  23  2:36  Drone  
  26  2:41  Overlord, Roach  
  28  2:51  Roach  
  30  3:00  Roach  
  32  3:07  Overlord  
  32  3:09  Roach  
  34  3:18  Roach  
  36  3:28  Roach  
  38  3:36  Overlord  
  38  3:37  Roach  
  40  3:46  Roach  
  42  3:50  Drone  
  42  3:54  Drone  
  44  3:56  Roach  
  44  4:01  Drone  
  47  4:11  Baneling Nest  
  47  4:12  Drone x2, Roach  
  50  4:19  Overlord  
  50  4:23  Drone  
  51  4:32  Evolution Chamber  
  51  4:34  Drone  
  51  4:43  Drone  
  51  4:44  Roach  
  54  4:53  Roach  
  56  5:02  Roach  
  58  6:08  Zergling x2  
  58  6:15  Lair, Overlord  
  58  6:17  Spore Crawler  
  57  6:19  Spore Crawler  
  57  6:21  Hatchery  
  46  6:33  Drone  
  46  6:35  Drone  
  31  6:40  Roach  
  29  6:47  Roach, Zergling x2  
  29  6:51  Zergling x2  
  31  7:04  Zergling x2  
  30  7:09  Zergling x2  
  30  7:13  Zergling x2  
  30  7:14  Overseer  
  30  7:15  Hydralisk Den  
  28  7:17  Zergling x2  
  28  7:18  Overseer  
  28  7:19  Zergling x4  
  25  7:35  Hatchery  
Show
View Real Time Build Order
Export as new Build Order

Scales Zerg - Winner!

Build Orders: Hatch First 

Get SALT Encoding   

  12  0:00  Drone  
  13  0:13  Overlord  
  13  0:17  Drone  
  14  0:31  Drone x2  
  16  0:49  Hatchery  
  15  0:52  Drone  
  15  0:55  Drone  
  17  0:59  Drone  
  18  1:10  Extractor  
  17  1:15  Spawning Pool  
  17  1:17  Drone  
  17  1:21  Drone  
  18  1:29  Drone  
  19  1:41  Drone  
  20  1:54  Overlord  
  20  2:03  Queen x2  
  20  2:04  Zergling x4  
  26  2:09  Metabolic Boost  
  26  2:17  Drone x2  
  28  2:23  Drone  
  28  2:24  Drone  
  30  2:35  Drone x2  
  32  2:52  Baneling Nest  
  32  2:55  Drone x3  
  34  2:58  Drone  
  34  3:06  Drone  
  34  3:11  Evolution Chamber  
  34  3:13  Evolution Chamber  
  33  3:23  Drone x2  
  33  3:24  Overlord x2  
  35  3:27  Lair  
  35  3:29  Drone  
  35  3:30  Overlord  
  36  3:37  Baneling x2  
  36  3:42  Extractor, Drone x2  
  36  3:43  Drone x3  
  36  3:44  Extractor  
  39  4:00  Zerg Missile Weapons Level 1  
  39  4:04  Roach Warren, Drone x4  
  39  4:05  Drone  
  43  4:16  Drone  
  43  4:17  Drone  
  45  4:20  Drone  
  45  4:21  Overlord x2  
  46  4:32  Overlord  
  46  4:44  Glial Reconstitution  
  46  4:46  Roach x7  
  60  4:56  Roach  
  66  5:00  Roach x3  
  66  5:04  Roach x2  
  72  5:08  Roach  
  72  5:12  Roach  
  76  5:15  Drone x2  
  76  5:17  Extractor  
  76  5:21  Roach  
  79  5:24  Roach  
  79  5:26  Roach  
  83  5:29  Overlord x2  
  83  5:36  Drone  
  83  5:38  Overlord x2  
  84  5:43  Overlord  
  84  5:47  Drone  
  85  6:03  Roach x4  
  93  6:05  Hatchery  
  92  6:12  Drone  
  92  6:15  Roach  
  95  6:21  Drone  
  95  6:24  Evolution Chamber  
  95  6:30  Roach x4  
  95  6:31  Roach  
  97  6:39  Overlord x3  
  91  6:43  Drone  
  92  6:47  Drone x4  
  96  6:56  Drone  
  96  6:57  Drone  
  98  7:07  Drone x4  
  102  7:11  Drone, Hydralisk Den  
  102  7:20  Roach  
  102  7:21  Roach x3  
  108  7:24  Roach x2  
  108  7:28  Drone  
  113  7:30  Queen  
  113  7:32  Queen  
  117  7:45  Roach x8  
  117  7:51  Lurker Den  
  132  7:57  Drone x4  
  136  7:59  Extractor  
  136  8:00  Extractor  
  136  8:02  Drone x4  
  136  8:04  Overseer  
  138  8:13  Hatchery  
  142  8:21  Spine Crawler  
  142  8:23  Spine Crawler x2  
Tags
 
Add a new tag
Caveats
  • Supply blocks, unpowered buildings, or Contaminate may cause inaccurate times.
  • Supply counts are checked every 10 seconds.